Map: Rohana LE

Players

Siliatra

  • Race: Protoss Protoss
  • Spawn Location: 11:00

Sindyr

  • Race: Zerg Zerg
  • League: Master
  • Spawn Location: 9:00

GoldenBoyOS - Winner!

  • Race: Protoss Protoss
  • League: Master
  • Spawn Location: 3:00

BaronCerveza - Winner!

  • Race: Terran Terran
  • Spawn Location: 5:00

VOD

Have the link to the VOD?

Description

Time

  • Played on: Sept. 23, 2025, 11:18 a.m.
  • Length: 9:32
Show
View Real Time Build Order
Export as new Build Order

Siliatra Protoss 

Build Orders: Oracle Opening 

Get SALT Encoding   

  12  0:00  Probe  
  13  0:12  Probe  
  14  0:24  Pylon, Probe  
  15  0:42  Probe  
  16  0:43  Gateway  
  16  0:52  Probe  
  17  0:57  Assimilator  
  17  1:00  Probe  
  17  1:02  Assimilator  
  18  1:09  Probe  
  19  1:21  Probe  
  20  1:30  Cybernetics Core  
  20  1:33  Probe  
  21  1:40  Pylon  
  21  1:45  Probe  
  22  1:57  Probe  
  23  2:06  Adept  
  25  2:11  Stargate  
  25  2:13  Probe  
  26  2:25  Nexus  
  26  2:27  Probe  
  27  2:39  Probe  
  28  2:46  Oracle  
  28  2:49  Pylon  
  31  3:04  Pylon  
  31  3:07  Probe  
  32  3:13  Oracle  
  32  3:19  Probe  
  36  3:31  Probe  
  37  3:37  Probe  
  38  3:43  Probe  
  38  3:44  Warp Gate  
  39  3:49  Probe  
  39  3:50  Shield Battery  
  40  4:00  Probe  
  40  4:01  Probe  
  42  4:07  Shield Battery  
  46  4:13  Stargate  
  46  4:15  Void Ray  
  44  4:48  Void Ray  
  44  5:12  Void Ray  
  41  5:20  Zealot  
  43  5:24  Probe x2  
  43  5:26  Pylon  
  45  5:30  Assimilator  
  45  5:31  Shield Battery  
  45  5:33  Assimilator  
  42  5:52  Gateway  
  42  5:54  Gateway  
  32  6:02  Gateway  
  26  6:15  Stalker  
  26  6:17  Void Ray x2  
  32  6:26  Shield Battery  
  32  6:27  Shield Battery  
  32  6:31  Probe x2  
  34  6:50  Stalker x2  
  38  7:00  Pylon  
  38  7:01  Probe  
  38  7:02  Probe  
  38  7:33  Probe x2  
  38  7:34  Void Ray  
  40  7:58  Pylon  
  40  8:22  Pylon  
  40  8:42  Void Ray  
  40  8:53  Void Ray  
Show
View Real Time Build Order
Export as new Build Order

Sindyr Zerg 

Build Orders: Hatch First 

Get SALT Encoding   

  12  0:01  Drone  
  13  0:12  Overlord  
  13  0:20  Drone  
  14  0:31  Drone x2  
  14  0:34  Drone  
  17  0:52  Hatchery  
  17  0:56  Drone  
  17  1:01  Extractor  
  17  1:02  Drone  
  17  1:09  Drone  
  18  1:29  Drone x2  
  20  1:36  Spawning Pool  
  20  1:38  Overlord  
  19  1:52  Drone  
  20  2:09  Drone x2  
  20  2:11  Drone  
  23  2:23  Queen x2  
  23  2:24  Zergling x2  
  23  2:25  Zergling x2  
  23  2:29  Overlord  
  28  2:50  Metabolic Boost  
  28  2:58  Queen  
  28  2:59  Drone x6  
  36  3:20  Queen  
  36  3:24  Drone x3  
  36  3:25  Drone  
  41  3:27  Extractor  
  39  3:50  Extractor  
  39  3:52  Extractor  
  39  3:55  Drone x3  
  40  4:04  Drone x2  
  40  4:05  Drone x2  
  40  4:07  Overlord x2  
  44  4:13  Roach Warren  
  43  4:28  Drone x3  
  44  4:31  Drone  
  44  4:32  Drone x2  
  44  4:33  Drone  
  44  4:34  Drone x2  
  48  4:41  Lair  
  48  4:43  Evolution Chamber  
  47  4:51  Pneumatized Carapace  
  47  4:53  Zergling x2  
  47  4:54  Zergling x18  
  57  5:15  Zergling x6  
  57  5:19  Zergling x2  
  59  5:23  Zergling x6  
  54  5:30  Roach x3  
  60  5:38  Overlord x2  
  60  5:48  Roach  
  59  5:54  Spine Crawler  
  59  5:56  Spine Crawler x2  
  56  5:57  Spine Crawler  
  52  6:08  Roach x2, Zergling x14  
  36  6:29  Roach  
  36  6:30  Zergling x6, Roach x3  
  39  6:47  Spine Crawler x2  
  37  6:48  Spine Crawler x2  
  33  6:58  Spine Crawler  
  26  7:04  Spine Crawler  
  19  7:09  Zergling x2  
  19  7:10  Zergling x4  
  16  7:43  Roach  
  16  7:44  Roach x3  
  24  7:50  Queen  
  24  7:51  Baneling Nest  
  25  7:58  Roach  
  20  8:37  Hatchery  
  19  8:42  Roach x6  
  31  8:54  Spine Crawler  
  28  8:59  Hatchery  
Show
View Real Time Build Order
Export as new Build Order

GoldenBoyOS Protoss - Winner!

Build Orders:  

Get SALT Encoding   

  12  0:00  Probe  
  13  0:16  Pylon  
  13  0:17  Probe  
  14  0:30  Probe  
  15  0:37  Gateway  
  15  0:42  Probe  
  16  0:47  Assimilator  
  16  1:02  Probe  
  16  1:10  Probe  
  18  1:19  Gateway  
  18  1:20  Probe  
  19  1:30  Cybernetics Core  
  19  1:34  Pylon  
  19  1:36  Assimilator  
  19  1:50  Probe  
  20  1:58  Probe  
  20  2:06  Warp Gate  
  20  2:08  Probe  
  21  2:09  Stalker  
  21  2:11  Adept  
  26  2:20  Probe  
  27  2:30  Robotics Facility  
  27  2:33  Forge  
  27  2:50  Stalker  
  27  2:53  Adept  
  31  3:00  Pylon  
  31  3:13  Immortal  
  31  3:18  Pylon  
  31  3:22  Pylon  
  35  3:32  Photon Cannon  
  35  3:38  Protoss Ground Weapons Level 1  
  35  3:46  Observer  
  35  3:55  Immortal  
  36  4:03  Adept  
  42  4:10  Stalker  
  39  4:43  Stalker  
  39  4:44  Stalker  
  42  5:00  Probe  
  43  5:12  Probe  
  42  5:39  Adept x2  
  42  5:41  Immortal  
  48  6:37  Nexus  
  48  6:39  Pylon  
  36  7:23  Stalker x2  
  36  7:25  Immortal  
  44  7:30  Gateway  
  44  7:31  Gateway  
  44  8:00  Stalker x2  
  46  8:27  Warp Prism  
  46  8:28  Probe  
  49  8:40  Probe  
  50  8:43  Stalker  
  52  8:52  Probe  
  53  9:05  Probe  
  54  9:12  Stalker x2  
  54  9:13  Stalker  
  54  9:17  Probe  
Show
View Real Time Build Order
Export as new Build Order

BaronCerveza Terran - Winner!

Build Orders: 2 Factory, Cyclone Opening, Mech 

Get SALT Encoding   

  12  0:00  SCV  
  13  0:12  SCV  
  14  0:17  Supply Depot  
  14  0:24  SCV  
  14  0:28  Refinery  
  15  0:39  SCV  
  16  0:45  Barracks  
  16  0:51  SCV  
  17  0:59  Refinery  
  17  1:03  SCV  
  18  1:15  SCV  
  19  1:31  Orbital Command  
  19  1:32  Barracks Tech Lab  
  19  1:35  Factory  
  19  1:46  Supply Depot  
  19  1:54  Marine  
  19  1:58  SCV  
  21  2:07  Factory  
  21  2:28  Barracks Reactor  
  21  2:31  SCV  
  21  2:34  Cyclone  
  25  2:41  Armory  
  25  2:43  SCV  
  26  2:45  Mag-Field Accelerator  
  26  2:53  Factory Tech Lab  
  26  2:57  SCV  
  27  3:02  Supply Depot  
  27  3:05  Marine x2  
  30  3:12  SCV  
  30  3:23  Supply Depot  
  30  3:25  SCV  
  31  3:29  Cyclone  
  31  3:34  Cyclone  
  37  3:35  Marine  
  37  3:38  SCV  
  39  3:58  Marine x2  
  39  3:59  SCV  
  39  4:02  Supply Depot  
  42  4:03  Terran Vehicle Weapons Level 1  
  42  4:06  Cyclone  
  45  4:24  Cyclone  
  48  4:35  Marine x2  
  50  4:43  Cyclone  
  53  5:34  Supply Depot  
  53  5:55  Siege Tank x2  
  44  6:12  Marine  
  44  6:13  Marine  
  46  6:28  Siege Tank  
  49  6:33  Factory  
  49  6:37  Command Center, Factory  
  49  6:39  Marine x2  
  51  6:54  SCV  
  52  7:04  Barracks  
  52  7:05  Barracks  
  52  7:06  Marine  
  52  7:07  Marine, Siege Tank  
  54  7:28  Factory Tech Lab x2  
  54  7:29  Siege Tank, Marine x2  
  56  7:51  Marine  
  56  7:52  Marine, Barracks Reactor x2  
  57  8:04  Widow Mine x2  
  57  8:05  Widow Mine x2  
  63  8:24  Marine x2  
  65  8:31  Siege Tank  
  65  8:32  Widow Mine  
  70  8:35  SCV x2  
  70  8:39  Refinery  
  70  8:41  Marine x4, Refinery  
  74  8:42  Marine  
  72  9:14  Marine x3  
  78  9:22  Supply Depot  
  78  9:23  Supply Depot  
Tags
 
Add a new tag
Caveats
  • Supply blocks, unpowered buildings, or Contaminate may cause inaccurate times.
  • Supply counts are checked every 10 seconds.